 Dungeon Crawl Stone Soup version 0.26.0-16-gc1dbca0489 (webtiles) character file.

Game seed: 12917500694011202356

1073 jackrogers the Cleaver (level 8, 0/58 HPs)
             Began as a Demonspawn Berserker on Jan 22, 2021.
             Was an Elder of Trog.
             Slain by a centaur (6 damage)
             ... on level 5 of the Dungeon.
             The game lasted 00:06:18 (3853 turns).

jackrogers the Cleaver (Demonspawn Berserker)       Turns: 3853, Time: 00:06:19

Health: 0/58       AC:  9    Str: 19    XL:     8   Next: 7%
Magic:  8/8        EV: 10    Int:  8    God:    Trog [****..]
Gold:   297        SH:  0    Dex: 14    Spells: 7/7 levels left

rFire    . . .     SeeInvis .   a - +1 hand axe
rCold    + . .     Faith    .   (no shield)
rNeg     . . .     Spirit   .   m - -2 scale mail (curse)
rPois    .         Reflect  .   (helmet restricted)
rElec    .         Harm     .   q - +1 cloak {Will+}
rCorr    .         Rampage  .   p - +0 pair of gloves (curse)
Will     +....                  c - +1 pair of boots
Stlth    ..........             f - amulet of regeneration {+regen, !d}
HPRegen  0.59/turn              e - ring of protection from cold {rC+, !d}
MPRegen  0.11/turn              (no ring)

@: berserk cooldown, slowed, very slow
A: hooves 2, horns 1, powered by pain 1
a: Renounce Religion, Berserk, Trog's Hand, Brothers in Arms


You were on level 5 of the Dungeon.
You worshipped Trog.
Trog was greatly pleased with you.
You visited 1 branch of the dungeon, and saw 5 of its levels.
You also visited: Sewer.

You collected 297 gold pieces.

Inventory:

Hand Weapons
 a - a +1 hand axe (weapon)
 g - a -3 hand axe
   (You found it on level 1 of the Dungeon)
Armour
 b - a +0 animal skin
 c - a +1 pair of boots (worn)
   (You found it on level 1 of the Dungeon)
 m - a cursed -2 scale mail (worn)
   (You found it in a sewer)
 p - a cursed +0 pair of gloves (worn)
   (You found it on level 2 of the Dungeon)
 q - a +1 cloak of willpower (worn)
   (You took it off Crazy Yiuf on level 2 of the Dungeon)
 v - +0 steam dragon scales
   (You found it on level 4 of the Dungeon)
Jewellery
 e - a ring of protection from cold (left hand) {rC+, !d}
   (You found it on level 1 of the Dungeon)
 f - an amulet of regeneration (around neck) {+regen, !d}
   (You found it on level 1 of the Dungeon)
Scrolls
 j - 2 scrolls of teleportation
 r - a scroll of enchant armour
Potions
 d - 2 potions of ambrosia {unknown}
 h - 3 potions of curing
 i - 2 potions of mutation {unknown}
 k - 3 potions of heal wounds
 l - 2 potions of berserk rage {!q}
 n - a potion of might {unknown}
 o - a potion of magic {unknown}
 s - a potion of resistance
 t - 2 potions of lignification {unknown}
 u - 3 potions of degeneration {unknown}


   Skills:
 - Level 3.0 Fighting
 + Level 9.1 Axes
 - Level 1.7 Armour
 - Level 1.7 Dodging


You had 7 spell levels left.
You didn't know any spells.
Your spell library was empty.

Dungeon Overview and Level Annotations

Branches:
Dungeon (5/15)              Sewer (visited)
 Temple: D:4-7

Altars:
Wu Jian


Innate Abilities, Weirdness & Mutations

You have hoof-like feet.
You have a pair of small horns on your head.
You sometimes gain a little power by taking damage.


Message History

You hit the adder. The adder barely misses you.
You closely miss the adder. The adder bites you.
You barely miss the adder. Your headbutt misses the adder.
The adder bites you but does no damage. x2
You slash the adder! You headbutt the adder.
You kill the adder!
Trog accepts your kill.
No target in view!
No target in view!
No target in view!
Prince Ribbit comes into view.
Prince Ribbit croaks.
A hound comes into view.
You see here an adder corpse.
Spoiler Alert: Prince Ribbit is fast and can hit for high damage in melee!
The hound barks!
You hear a shout!
Found 15 gold pieces.
Found a stone staircase leading down.
A red film seems to cover your vision as you go berserk!
You feel yourself moving faster!
You feel mighty!
You slash Prince Ribbit! You slash Prince Ribbit! You headbutt Prince Ribbit!
You closely miss the hound.
Prince Ribbit mumbles some strange words.
Prince Ribbit looks slightly unstable.
The hound bites you.
Spoiler Alert: Prince Ribbit is fast and can hit for high damage in melee!
You barely miss Prince Ribbit. You headbutt Prince Ribbit.
You kill Prince Ribbit!
Trog accepts your kill.
Trog appreciates your killing of a magic user.
You barely miss the hound. The hound closely misses you.
Your Axes skill increases to level 9!
You have reached level 8!
You feel agile.
You hit the hound. The hound bites you.
You slash the hound! Your headbutt misses the hound. The hound bites you.
You slash the hound!
You kill the hound!
Trog accepts your kill.
You can now call in reinforcements.
A centaur comes into view.
The centaur shouts!
Something shouts, "Run away, thou fobbing saucy hedge-pig!"
The centaur wields a +0 shortbow.
The centaur shoots an arrow.
The arrow completely misses you.
Things that are here:
an arrow; a hound corpse Spoiler Alert: The centaur is fast and can hit for moderate damage at range!
You feel a strong urge to attack something.
You are no longer berserk.
You are exhausted.
You feel yourself slow down.
A centaur is nearby!
The centaur shoots an arrow.
The arrow hits you but does no damage.
The centaur shoots an arrow.
The arrow hits you!
You see here 2 arrows.
Spoiler Alert: The centaur is fast and can hit for moderate damage at range!
The centaur shoots an arrow.
The arrow hits you.
A white imp comes into view.
The centaur shoots an arrow.
The arrow hits you.
You see here 2 arrows.
The centaur shoots an arrow.
The arrow hits you!
The centaur shoots an arrow.
The arrow hits you! The white imp gestures at you. The puff of frost hits you.
You resist.
* * * LOW HITPOINT WARNING * * *
You see here 2 arrows.
The centaur shoots an arrow.
The arrow barely misses you.
The white imp grins evilly.
The centaur shoots an arrow.
The arrow hits you but does no damage. The white imp gestures at you.
The puff of frost misses you.
Things that are here:
an arrow; 12 gold pieces Spoiler Alert: The centaur is fast and can hit for moderate damage at range!
An ufetubus comes into view.
The centaur unwields a +0 shortbow.
The centaur hits you.
* * * LOW HITPOINT WARNING * * *
You completely miss the white imp. You hit the centaur.
The centaur hits you but does no damage. x2
The white imp hits you but does no damage.
Spoiler Alert: The centaur is fast and can hit for moderate damage at range!
You barely miss the centaur. You hit the white imp but do no damage.
The centaur hits you.
* * * LOW HITPOINT WARNING * * *
The white imp gestures at you.
The puff of frost hits you but does no damage.
The centaur hits you but does no damage.
Spoiler Alert: The centaur is fast and can hit for moderate damage at range!
You barely miss the centaur. You hit the white imp. The centaur hits you!
* * * LOW HITPOINT WARNING * * *
The white imp hits you but does no damage.
A worker ant comes into view.
The centaur barely misses you.
The white imp hits you but does no damage.
Warning x2: The centaur is fast and can hit for moderate damage at range!
The worker ant (wandering) is fast and can poison!
You slash the centaur! You headbutt the centaur. You hit the white imp.
You hit the ufetubus.
The ufetubus hits you but does no damage. x2
The centaur hits you.
You die...

..## .... ##..####
.#. #<.....## ..#
#..†....### . ..
#(........# ...
#.##(.(?..##..#
....#(.#(.........
.......#(.....###..
......5@........
)....$5c.......##
.....#...........
...: #.......>....
... ......#......
.B .#.....##..# .
..#...... ... .
#.....#.


You could see a centaur, a worker ant, a white imp and an ufetubus.

Vanquished Creatures
  Prince Ribbit (D:5)
  Duvessa (D:4)
  Purgy (Sewer)
  An ogre (D:4)
  Dowan (D:4)
  A howler monkey (D:2)
  A bullfrog skeleton (D:4)
  A hound (D:5)
  Crazy Yiuf (D:2)
  3 orc priests (D:3)
  An iguana (D:4)
  2 centaur skeletons (D:4)
  An orc wizard (D:3)
  2 worker ants (D:4)
  Robin (D:3)
  5 adders
  A river rat (D:3)
  2 worms (D:3)
  A dart slug (D:1)
  3 leopard geckos
  11 orcs (D:3)
  A ball python (D:3)
  6 giant cockroaches
  15 goblins
  11 hobgoblins
  9 bats
  10 frilled lizards
  9 kobolds
  A leopard gecko skeleton (D:4)
  4 rats
108 creatures vanquished.

Vanquished Creatures (others)
  A goblin (D:3)
  A plant (D:3)
2 creatures vanquished.

Grand Total: 110 creatures vanquished

Notes
Turn   | Place    | Note
-------+----------+-------------------------------------------
     0 | D:1      | jackrogers the Demonspawn Berserker began the quest for the
                  | Orb.
     0 | D:1      | Reached XP level 1. HP: 18/18 MP: 1/1
    48 | D:1      | Reached skill level 3 in Axes
   216 | D:1      | HP: 3/18 [hobgoblin (2)]
   525 | D:1      | Gained mutation: You have a pair of small horns on your
                  | head. [demonic ancestry]
   525 | D:1      | Reached XP level 2. HP: 11/24 MP: 2/2
  1190 | D:2      | Found an ornate altar of the Wu Jian Council.
  1206 | D:2      | Reached XP level 3. HP: 29/29 MP: 3/3
  1211 | D:2      | Reached skill level 4 in Axes
  1532 | D:2      | Reached ** piety under Trog
  1533 | D:2      | Gained mutation: You sometimes gain a little power by
                  | taking damage. [demonic ancestry]
  1533 | D:2      | Reached XP level 4. HP: 31/35 MP: 4/4
  1646 | D:2      | Found a runed translucent door.
  1647 | D:2      | Noticed Crazy Yiuf
  1865 | D:2      | Killed Crazy Yiuf
  1866 | D:2      | Reached skill level 5 in Axes
  2025 | D:3      | Gained mutation: You have large cloven feet. [demonic
                  | ancestry]
  2025 | D:3      | Reached XP level 5. HP: 35/41 MP: 5/5
  2049 | D:3      | Found a glowing drain.
  2058 | D:3      | Noticed Robin
  2059 | Sewer    | Entered a sewer
  2125 | Sewer    | Noticed Purgy
  2344 | Sewer    | Killed Purgy
  2345 | Sewer    | Reached skill level 6 in Axes
  2345 | Sewer    | Reached XP level 6. HP: 47/47 MP: 6/6
  2663 | D:3      | Reached *** piety under Trog
  2673 | D:3      | Killed Robin
  2825 | D:3      | Reached skill level 7 in Axes
  3257 | D:4      | Gained mutation: You have hoof-like feet. [demonic
                  | ancestry]
  3257 | D:4      | Reached XP level 7. HP: 52/52 MP: 7/7
  3283 | D:4      | Noticed Duvessa
  3283 | D:4      | Noticed Dowan
  3290 | D:4      | Killed Dowan
  3294 | D:4      | Killed Duvessa
  3295 | D:4      | Reached skill level 8 in Axes
  3825 | D:5      | Entered Level 5 of the Dungeon
  3833 | D:5      | Noticed Prince Ribbit
  3838 | D:5      | Killed Prince Ribbit
  3839 | D:5      | Reached skill level 9 in Axes
  3839 | D:5      | Reached XP level 8. HP: 58/58 MP: 8/8
  3841 | D:5      | Reached **** piety under Trog
  3849 | D:5      | HP: 14/58 [centaur (3)]
  3852 | D:5      | HP: 5/58 [centaur (8)]
  3853 | D:5      | Slain by a centaur

Illustrated notes

Levels and vault maps discovered:
D:1:      elethiomel_arrival_maze, layout_loops_cross, chequers_avenue,
          minmay_tall_x
D:2:      layout_loops_ring, lemuel_crystal_altar, kennysheep_generic_room_15,
          uniq_crazy_yiuf_cottage
D:3:      layout_basic, portal_sewer_entry_a, corexii_shack, uniq_robin
D:4:      layout_basic, serial_bayou, serial_bayou_shore_b,
          serial_bayou_shore_b, serial_bayou_crossing, serial_bayou_pond_a,
          uniq_duvessa
D:5:      layout_rooms, old_standard_altar,
          chequers_temple_overflow_statue_of_worship, uniq_prince_ribbit1

Skill      XL: |  1  2  3  4  5  6  7 |
---------------+----------------------+-----
Axes           | 3 4 5 6 7 9 |  9.1
Fighting       | |  3.0
Armour         | |  1.7
Dodging        | |  1.7

Action                   |  1- 3 |  4- 6 |  7- 9 || total
-------------------------+-------+-------+-------++-------
Melee: Hand axe          |   114 |   145 |    42 ||   301
       Headbutt          |    11 |    29 |     8 ||    48
Invok: Berserk           |       |     4 |     3 ||     7
  Use: Scroll            |     7 |     5 |       ||    12
 Stab: Sleeping          |     2 |     2 |       ||     4
Armor: Animal skin       |    22 |    22 |       ||    44
       Scale mail        |       |    61 |    25 ||    86
Dodge: Dodged            |    62 |   126 |    20 ||   208

Table legend: (Time is in decaauts)
 A = Elapsed time spent in this place.
 B = Non-inter-level travel time spent in this place.
 C = Inter-level travel time spent in this place.
 D = Time resting spent in this place.
 E = Time spent auto-exploring this place.
 F = Levels seen in this place.
 G = Mean time per level.
                   A        B        C        D        E       F      G
               +--------+--------+--------+--------+--------+-----+--------+
         Total |   3929 |   3810 |    119 |    757 |   2255 |   6 |  654.8 |
       Dungeon |   3505 |   3386 |    119 |    507 |   2190 |   5 |  701.0 |
         Sewer |    423 |    423 |      0 |    249 |     65 |   1 |  423.0 |
               +--------+--------+--------+--------+--------+-----+--------+

Top non-repeatable levels by time:
     D:1: 1200 daAuts
     D:4: 832 daAuts
     D:3: 725 daAuts
     D:2: 721 daAuts
   Sewer: 423 daAuts
     D:5: 26 daAuts

Table legend:
 A = Kills in this place as a percentage of kills in entire the game.
 B = Kills by you in this place as a percentage of kills by you in the entire game.
 C = Kills by friends in this place as a percentage of kills by friends in the entire game.
 D = Other kills in this place as a percentage of other kills in the entire game.
 E = Experience gained in this place as a percentage of experience gained in the entire game.
 F = Experience gained in this place divided by the number of levels of this place that you have seen.
                   A       B       C       D       E      F
               +-------+-------+-------+-------+-------+----------------------
         Total | 100.0 | 100.0 |   N/A | 100.0 | 100.0 | 255.5
       Dungeon |  94.5 |  94.4 |   N/A | 100.0 |  91.1 | 279.2
         Sewer |   5.5 |   5.6 |   N/A |   0.0 |   8.9 | 137.0
               +-------+-------+-------+-------+-------+----------------------
